 Dungeon Crawl Stone Soup version 0.32-a0-909-gc671339a80 (webtiles) character file.

Game seed: 6873557397826538349

712 Fractals the Trooper (level 7, 31/31 (59) HPs)
             Began as a Mountain Dwarf Reaver on Apr 5, 2024.
             Was an Initiate of Ashenzari.
             Quit the game on level 6 of the Dungeon on Apr 6, 2024.
             The game lasted 00:18:46 (6257 turns).

Fractals the Trooper (Mountain Dwarf Reaver)        Turns: 6257, Time: 00:18:46

HP:   31/31 (59)    AC:  5    Str: 14    XL:     7   Next: 41%
MP:   22/22         EV: 10    Int: 16    God:    Ashenzari [......]
Gold: 235           SH:  0    Dex:  8    Spells: 11/14 levels left

rFire   + . .        j - +0 dagger of Supernal Understanding {elec, Bglg, Sorc} (curse)
rCold   . . .        (no shield)
rNeg    . . .        b - +1 leather armour
rPois   .            (no helmet)
rElec   .            m - +0 cloak
rCorr   .            (no gloves)
SInv    .            (no boots)
Will    .....        (no amulet)
Stlth   ++           d - ring of protection from fire
HPRegen 0.25/turn    l - ring of magical power
MPRegen 0.18/turn

%: no passive effects
@: very heavily drained
A: runic magic, artefact enchanting
a: Renounce Religion, Curse Item, Shatter the Chains


You were on level 6 of the Dungeon.
You worshipped Ashenzari.
Ashenzari was noncommittal.
You visited 1 branch of the dungeon, and saw 6 of its levels.

You collected 235 gold pieces.

Inventory:

Hand Weapons
 j - the cursed +0 dagger of Supernal Understanding (weapon) {elec, Bglg, Sorc}
   (You found it on level 2 of the Dungeon)

   It has a curse which improves the following skills: Beguiling: Hexes and
   Translocations.
   Sorcery:   Conjurations and Alchemy.
 o - a +0 war axe
Missiles
 i - a throwing net
Armour
 b - a +1 leather armour (worn)
 m - a +0 cloak (worn)
Jewellery
 d - a ring of protection from fire (left hand)
 l - a ring of magical power (right hand)
 n - a ring of see invisible
Scrolls
 c - a scroll of poison
 e - a scroll of immolation
 g - 4 scrolls of enchant armour
 h - a scroll of teleportation {unknown}
 p - a scroll of torment {unknown}
 q - a scroll of identify {unknown}
 s - a scroll of revelation {unknown}
Potions
 a - a potion of lignification {unknown}
 f - a potion of curing
 k - a potion of enlightenment
 r - a potion of degeneration {unknown}


   Skills:
 + Level 4.0 Fighting
 - Level 3.6 Axes
 - Level 1.3 Dodging
 - Level 3.0 Stealth
 - Level 4.0 Spellcasting
 - Level 3.6(4.0) Conjurations
 - Level 3.0 Necromancy
 + Level 1.9(2.2) Translocations


You had 11 spell levels left.
You knew the following spells:

 Your Spells              Type           Power      Damage    Failure   Level
a - Kiss of Death         Conj/Necr      56%        2d9       4%          1
b - Momentum Strike       Conj/Tloc      26%        3d8       8%          2

Your spell library contained the following spells:

 Spells                   Type           Power      Damage    Failure   Level
 Hailstorm                Conj/Ice       9%         3d6       22%         3
 Confusing Touch          Hex            3%         N/A       45%         3
 Dispel Undead            Necr           12%        3d9       45%         4


Dungeon Overview and Level Annotations

Branches:
Dungeon (6/15)             Temple (0/1) D:4

Altars:
Ashenzari
Cheibriados
Nemelex Xobeh
Uskayaw
Wu Jian
Zin

Shops:
D:1 !*?:*


Innate Abilities, Weirdness & Mutations

Your spellcasting is much less encumbered by armour.
You can use scrolls of enchantment on lesser artefacts.


Message History

HP restored.
Okay, then.
An orc comes into view. It is wielding a +0 hand axe.
The orc shouts!
Casting: Kiss of Death (safe; 4% risk of failure)
Confirm with . or Enter, or press ? or * to list all spells.
Aiming: Momentum Strike (safe; 8% risk of failure)
Press: ? - help, Dir - move target, f - orc
Aim: an orc, wielding a +0 hand axe (71% to hit)
You miscast Momentum Strike.
You are very lightly contaminated with residual magic.
Nothing appears to happen.
Casting: Momentum Strike (safe; 8% risk of failure)
Confirm with . or Enter, or press ? or * to list all spells.
Aiming: Momentum Strike (safe; 8% risk of failure)
Press: ? - help, Dir - move target, f/p - orc
Aim: an orc, wielding a +0 hand axe (71% to hit)
The concentrated momentum hits the orc!!
You kill the orc!
You are unable to move.
Unknown command.
You cannot move.
You cannot move.
You cannot move.
You cannot move.
You cannot move.
You start resting.
You are no longer robbed of momentum.
You start resting.
Your magical contamination has completely faded away.
Magic restored.
You now have 235 gold pieces (gained 18).
e - a scroll of immolation
There is a stone staircase leading up here.
s - a scroll labelled YTSUCUEDEU Saving game... please wait.
Welcome back, Fractals the Mountain Dwarf Reaver.
Ashenzari says: Partake of my vision.
Partake of my curse.
Press ? for a list of commands and other information.
Are you sure you want to abandon this character and quit the game? (Confirm with "yes".)

#.#
##########.##
............#
..########..#
#.# #..# #.#
#..# #.# #..#
#.# #..#
#@########..##
#.#..........#
#.#.#######.##
#.# ..)....<.#
#.#########.##
#...........#
#.###########
#.# ###


There were no monsters in sight!

Vanquished Creatures
  A black bear (D:6)
  An ogre (D:5)
  A bullfrog (D:5)
  3 bombardier beetles
  A hound (D:5)
  5 iguanas
  An orc wizard (D:5)
  A sleepcap (D:6)
  7 adders
  A shadow imp (D:5)
  5 dart slugs
  4 ribbon worms
  5 orcs
  7 endoplasms
  5 giant cockroaches
  11 hobgoblins
  2 jackals
  2 kobolds (D:1)
  2 quokkas
  4 ball pythons (D:2)
  4 bats
  3 frilled lizards
  2 rats (D:1)
78 creatures vanquished.

Notes
Turn   | Place    | Note
-------+----------+-------------------------------------------
     0 | D:1      | Fractals the Mountain Dwarf Reaver began the quest for the
                  | Orb.
     0 | D:1      | Reached XP level 1. HP: 17/17 MP: 3/3
   154 | D:1      | Found Ehimef's Assorted Antiques.
   362 | D:1      | Reached XP level 2. HP: 25/25 MP: 4/4
   587 | D:1      | Found Duwnefipt's General Store.
   622 | D:1      | Found Pihibuam's Book Emporium.
   717 | D:1      | Found Caaru's Distillery.
   731 | D:1      | Found Dadwixu's Magic Scroll Emporium.
   898 | D:2      | Reached skill level 1 in Necromancy
  1040 | D:2      | Reached XP level 3. HP: 28/31 MP: 5/5
  1576 | D:2      | Found a faded altar of an unknown god.
  1999 | D:2      | Reached skill level 1 in Stealth
  2001 | D:2      | Reached XP level 4. HP: 15/35 MP: 7/7
  2259 | D:3      | Found a glowing silver altar of Zin.
  3109 | D:4      | Found a broken altar of Ashenzari.
  3121 | D:4      | Became a worshipper of Ashenzari the Shackled
  3175 | D:4      | Reached XP level 5. HP: 40/45 MP: 8/8
  3313 | D:4      | Found a snail-covered altar of Cheibriados.
  3517 | D:4      | Found a staircase to the Ecumenical Temple.
  3651 | D:4      | Identified the +2 cloak "Butisim" {Harm Int+3}
  3885 | D:5      | Entered Level 5 of the Dungeon
  3926 | D:5      | Noticed an ogre
  4042 | D:5      | Reached XP level 6. HP: 38/52 MP: 10/10
  4406 | D:5      | Found a sparkling altar of Nemelex Xobeh.
  4540 | D:5      | Reached XP level 7. HP: 10/42 MP: 12/12
  4891 | D:5      | Learned a level 2 spell: Momentum Strike
  5567 | D:6      | Noticed a steam dragon
  5790 | D:6      | Reached skill level 1 in Translocations
  6050 | D:6      | Found an ornate altar of the Wu Jian Council.
  6065 | D:6      | Found a hide-covered altar of Uskayaw.
  6257 | D:6      | Upgraded the game from 0.32-a0-900-g30fb1b0edc to
                  | 0.32-a0-909-gc671339a80
  6257 | D:6      | Quit the game

Illustrated notes

Levels and vault maps discovered:
D:1:      zelgadis_glass_arrival_small, layout_basic, serial_shops, shop, shop,
          nicolae_book_shop_shelving, shop, shop
D:2:      layout_loops_ring, shapermc_ecumenical_altar_pompeii,
          serial_bayou_pond_d, minmay_misc_feat_nine_boxes,
          minmay_misc_feat_ornament
D:3:      layout_rooms, zin_academy, serial_forest,
          infiniplex_forest_clump_curved, infiniplex_forest_end_1,
          infiniplex_forest_zigzag_2, infiniplex_forest_clump_large,
          infiniplex_forest_end_double, infiniplex_forest_straight_3,
          infiniplex_forest_lined_room_3
D:4:      layout_loops_ring, ashenzari_conservatory_becter,
          nicolae_overflow_hidden_temple, minmay_temple_entry_statues_pillars
D:5:      layout_basic, mainiacjoe_overflow_paths
D:6:      layout_basic, nzn_wu_jian_contemplation,
          mainiacjoe_overflow_concentric_impassable, serial_corexii_hall,
          chequers_hall_statues_y, chequers_hall_statues_wall_a,
          corexii_hall_statues_i, minmay_misc_feat_rows

Skill      XL: |  1  2  3  4  5  6  7 |
---------------+----------------------+-----
Conjurations   | 3 |  3.6
Fighting       | 3 4 |  4.0
Necromancy     | 1 2 3 |  3.0
Spellcasting   | 2 3 4 |  4.0
Stealth        | 1 2 3 |  3.0
Translocations | 1 |  1.9
Axes           | |  3.6
Dodging        | |  1.3

Action                     |  1- 3 |  4- 6 |  7- 9 || total
---------------------------+-------+-------+-------++-------
  Melee: Hand axe          |    93 |       |       ||    93
         Dagger            |    75 |   214 |    87 ||   376
   Cast: Kiss of Death     |     1 |     4 |     3 ||     8
         Momentum Strike   |       |       |     3 ||     3
 Invoke: Curse Item        |       |     1 |       ||     1
    Use: Potion            |     2 |     1 |       ||     3
         Scroll            |       |     3 |     2 ||     5
   Stab: Sleeping          |       |     3 |       ||     3
 Armour: Leather armour    |   108 |    99 |    64 ||   271
  Dodge: Dodged            |    81 |    87 |    39 ||   207

Table legend: (Time is in decaauts)
 A = Elapsed time spent in this place.
 B = Non-inter-level travel time spent in this place.
 C = Inter-level travel time spent in this place.
 D = Time resting spent in this place.
 E = Time spent auto-exploring this place.
 F = Levels seen in this place.
 G = Mean time per level.
                   A        B        C        D        E       F      G
               +--------+--------+--------+--------+--------+-----+--------+
         Total |   6268 |   5895 |    373 |   1792 |   2559 |   6 | 1044.7 |
       Dungeon |   6268 |   5895 |    373 |   1792 |   2559 |   6 | 1044.7 |
               +--------+--------+--------+--------+--------+-----+--------+

Top non-repeatable levels by time:
     D:5: 1713 daAuts
     D:2: 1220 daAuts
     D:4: 1023 daAuts
     D:1: 893 daAuts
     D:3: 806 daAuts
     D:6: 611 daAuts
